 Dungeon Crawl Stone Soup version 0.31-a0-167-g1c394c0614 (webtiles) character file.

Game seed: 10325671998252123398

7522 promet the Thaumaturge (level 10, -2/59 HPs)
             Began as a Deep Elf Venom Mage on June 11, 2023.
             Was a Priest of Dithmenos.
             Slain by a vampire (7 damage)
             ... on level 10 of the Dungeon on June 14, 2023.
             The game lasted 02:35:34 (27184 turns).

promet the Thaumaturge (Deep Elf Venom Mage)       Turns: 27184, Time: 02:35:34

Health: -2/59      AC:  5    Str:  7    XL:     10   Next: 95%
Magic:  0/26       EV: 13    Int: 23    God:    Dithmenos [***...]
Gold:   272        SH:  0    Dex: 15    Spells: 16/30 levels left

rFire   . . .        a - +4 rapier of Royalism {flame, rElec Will+}
rCold   . . .        (no shield)
rNeg    . . .        n - +1 leather armour {rPois}
rPois   +            (no helmet)
rElec   +            (no cloak)
rCorr   .            q - +0 pair of gloves
SInv    .            (no boots)
Will    +++..        i - amulet of guardian spirit
Stlth   +            p - ring of willpower
HPRegen 0.29/turn    m - ring of flight
MPRegen 0.20/turn

%: guardian spirit
@: confused, ambrosia-drunk, flying, wreathed by umbra
A: no striking features
a: Renounce Religion, Shadow Step


You were on level 10 of the Dungeon.
You worshipped Dithmenos.
Dithmenos was most pleased with you.
You visited 1 branch of the dungeon, and saw 10 of its levels.
You also visited: Ossuary.

You collected 497 gold pieces.
You spent 225 gold pieces at shops.

Inventory:

Hand Weapons
 a - the +4 rapier of Royalism (weapon) {flame, rElec Will+}
   (You bought it in a shop on level 6 of the Dungeon)

   rElec:     It insulates you from electricity.
   Will:      It increases your willpower.
 b - a +0 orcbow
 h - a +3 war axe of freezing
 k - a +5 trident
 C - a +2 dagger of venom
 F - a +1 dagger of speed
 I - a +0 sling
 J - a +2 flail of holy wrath
Missiles
 c - 9 poisoned darts
 e - 77 stones
 l - 8 javelins
 s - 7 boomerangs (quivered)
 x - 3 curare-tipped darts
 E - 2 throwing nets
Armour
 n - a +1 leather armour of poison resistance (worn)
 q - a +0 pair of gloves (worn)
 r - the +1 scale mail of the Cockroach {rF+ Int+3 Stlth+}
   (You took it off a kobold on level 2 of the Dungeon)

   Int:       It affects your intelligence (+3).
   rF:        It protects you from fire.
   Stlth:     It makes you more stealthy.
Magical Staves
 w - a staff of cold
Jewellery
 i - an amulet of guardian spirit (around neck)
 m - a ring of flight (right hand)
 o - a ring of resist corrosion
 p - a ring of willpower (left hand)
 G - a ring of ice
Wands
 y - a wand of digging (4)
 A - a wand of flame (23)
 O - a wand of polymorph (3)
Scrolls
 v - 4 scrolls of poison
 z - a scroll of identify
 D - 2 scrolls of fog
Potions
 d - 6 potions of brilliance
 f - 2 potions of attraction
 g - 2 potions of ambrosia
 j - 2 potions of haste
 t - a potion of magic
 B - 2 potions of invisibility {unknown}
 H - a potion of lignification
 L - 2 potions of might
 N - a potion of curing


   Skills:
 * Level 5.2 Fighting
 + Level 4.3 Short Blades
 + Level 0.2 Maces & Flails
 + Level 5.3 Ranged Weapons
 + Level 1.3 Throwing
 + Level 2.5 Armour
 + Level 4.7 Dodging
 + Level 4.2 Stealth
 + Level 10.6 Spellcasting
 + Level 1.2 Conjurations
 + Level 4.1 Transmutations
 * Level 2.6 Ice Magic
 + Level 5.5 Air Magic
 + Level 8.6 Poison Magic
 + Level 1.0 Evocations


You had 16 spell levels left.
You knew the following spells:

 Your Spells              Type           Power      Damage    Failure   Level
a - Sting                 Tmut/Pois      100%       1d8       1%          1
b - Poisonous Vapours     Pois/Air       88%        N/A       1%          2
c - Mephitic Cloud        Conj/Pois/Air  35%        N/A       2%          3
d - Olgreb's Toxic Radia  Pois           51%        N/A       2%          4
e - Ozocubu's Armour      Ice            24%        N/A       8%          3
f - Beastly Appendage     Tmut           62%        N/A       1%          1

Your spell library contained the following spells:

 Spells                   Type           Power      Damage    Failure   Level
 Wereblood                Tmut           31%        N/A       1%          2
 Spider Form              Tmut/Pois      41%        N/A       1%          3
 Slow                     Hex            48%        N/A       8%          1
 Confusing Touch          Hex            12%        N/A       24%         3
 Vampiric Draining        Necr           12%        2d6       24%         3
 Ozocubu's Refrigeration  Ice            12%        4d10      100%        7


Dungeon Overview and Level Annotations

Branches:
Dungeon (10/15)            Temple (0/1) D:5         Ossuary (visited)
   Lair: D:8-11         Orc: D:9-12

Altars:
Dithmenos
Elyvilon
Fedhas
Nemelex Xobeh
Ru
Sif Muna
Trog
Vehumet
Xom
Yredelemnul

Shops:
D:6 (

Annotations:
D:3 1 runed translucent door, Starbright's ghost, amateur OpCj
D:10 Urug


Message History

Something bites you but does no damage.
You hit something but do no damage. Something hits you.
* * * LOW HITPOINT WARNING * * *
Something bites you!
* * * LOW HITPOINT WARNING * * *
Something draws strength from your injuries!
You miss something.
A vampire appears from thin air!
Reactivating autopickup.
The vampire closely misses you. The vampire barely misses you.
The vampire hits you but does no damage.
The vampire bites you.
The vampire draws strength from your injuries!
You miss the vampire. The vampire misses you. x2
You hit the vampire but do no damage. The vampire hits you.
The vampire bites you!
The vampire draws strength from your injuries!
You hit the vampire but do no damage.
The vampire mumbles some strange words.
The vampire flickers and vanishes!
Deactivating autopickup; reactivate with Ctrl-A.
You feel less invigorated.
You feel less confused.
You hit something but do no damage. Something hits you! Something bites you.
Something draws strength from your injuries!
You barely miss something. Something hits you. Something bites you.
Something draws strength from your injuries!
You hit something but do no damage. Something hits you! Something bites you!
* * * LOW HITPOINT WARNING * * *
Something draws strength from your injuries!
You closely miss something. Something hits you.
* * * LOW HITPOINT WARNING * * *
Something bites you!
* * * LOW HITPOINT WARNING * * *
Something draws strength from your injuries!
You are confused.
You feel invigorated. Something hits you.
* * * LOW HITPOINT WARNING * * *
Something bites you!
You die...

#. #. ##.#### #.....#
#..##.##
#..#...###########
#####..#.............#
.......@{.....######.#
#####..####..........#
##...............#.#
##.....###...#.##.#.#
..>.........##.##.#.###
##.......######.#<......
#.......# #...#..###
##......# ###.......
##...#.# ##.#.###


There were no monsters in sight!

Vanquished Creatures
  A two-headed ogre (D:8)
  2 polar bears (D:8)
  Grinder (D:3)
  Sigmund (D:2)
  A shadow (D:9)
  A wraith (D:8)
  2 wyverns (D:9)
  2 yaks (D:8)
  Menkaure (D:5)
  A water moccasin (D:7)
  3 ice beasts
  2 black bears
  6 orc warriors
  A sky beast (D:7)
  5 ogres
  2 centaurs
  3 kobold brigands
  2 bullfrogs
  3 gnoll sergeants
  8 scorpions
  9 wights
  A water moccasin zombie (Ossuary)
  5 killer bees (D:8)
  An electric eel (D:8)
  2 howler monkeys (D:9)
  A centaur zombie (D:5)
  5 jellies
  4 orc priests
  A hound (D:6)
  4 iguanas
  2 sleepcaps
  2 gnoll boudas
  A scorpion zombie (D:5)
  Natasha (thrice) (D:3)
  11 orc wizards
  A centaur simulacrum (D:8)
  2 mummies (Ossuary)
  2 killer bee simulacra (D:8)
  5 adders
  34 gnolls
  5 white imps
  An ufetubus (D:8)
  3 adder zombies (Ossuary)
  2 worms (D:2)
  7 dart slugs
  32 orcs
  8 ball pythons
  7 endoplasms
  2 giant cockroaches
  2 gnoll zombies (Ossuary)
  6 goblins
  9 hobgoblins
  7 jackals
  24 kobolds
  4 quokkas
  7 bats
  A frilled lizard (D:2)
  4 hobgoblin zombies (Ossuary)
  2 kobold zombies (Ossuary)
  4 orc zombies (Ossuary)
  A rat (D:1)
282 creatures vanquished.

Vanquished Creatures (others)
  A hobgoblin (D:4)
1 creature vanquished.

Grand Total: 283 creatures vanquished

Notes
Turn   | Place    | Note
-------+----------+-------------------------------------------
     0 | D:1      | promet the Deep Elf Venom Mage began the quest for the Orb.
     0 | D:1      | Reached XP level 1. HP: 10/10 MP: 6/6
   740 | D:1      | Reached XP level 2. HP: 15/15 MP: 8/8
   743 | D:1      | Learned a level 2 spell: Poisonous Vapours
  1780 | D:2      | Reached XP level 3. HP: 19/19 MP: 8/10
  1977 | D:2      | Identified the +1 scale mail of the Cockroach {rF+ Int+3
                  | Stlth+}
  2628 | D:2      | Reached skill level 4 in Spellcasting
  3381 | D:2      | Noticed Sigmund
  3407 | D:2      | Killed Sigmund
  3408 | D:2      | Reached skill level 5 in Spellcasting
  3408 | D:2      | Reached skill level 1 in Air Magic
  3408 | D:2      | Reached skill level 5 in Poison Magic
  3408 | D:2      | Reached XP level 4. HP: 24/24 MP: 1/13
  3408 | D:2      | Reached XP level 5. HP: 28/28 MP: 1/14
  4290 | D:3      | Found a runed translucent door.
  4292 | D:3      | Noticed Starbright's ghost (amateur OpCj)
  4345 | D:3      | Noticed Natasha
  4357 | D:3      | Reached XP level 6. HP: 32/32 MP: 13/15
  4509 | D:3      | Found a shadowy altar of Dithmenos.
  4509 | D:3      | Found a white marble altar of Elyvilon.
  4519 | D:3      | Became a worshipper of Dithmenos the Shadowed
  4630 | D:3      | Found a sacrificial altar of Ru.
  5020 | D:3      | Killed Natasha
  5021 | D:3      | Reached skill level 1 in Short Blades
  5269 | D:3      | Noticed Natasha
  5524 | D:3      | Found a faded altar of an unknown god.
  5649 | D:3      | Noticed Grinder
  5785 | D:3      | Killed Grinder
  5786 | D:3      | Reached skill level 1 in Fighting
  5786 | D:3      | Reached skill level 6 in Spellcasting
  5786 | D:3      | Reached XP level 7. HP: 23/38 MP: 9/18
  6685 | D:4      | Gained mutation: Your magical capacity is low. (-10% MP)
                  | [potion of mutation]
  6685 | D:4      | Gained mutation: You are dopey. (Int -2) [potion of
                  | mutation]
  6755 | D:4      | Learned a level 3 spell: Mephitic Cloud
  7033 | D:3      | Killed Natasha
  7059 | D:3      | Noticed Natasha
  7245 | D:3      | Killed Natasha
  7276 | D:4      | Reached * piety under Dithmenos
  7948 | D:4      | Reached skill level 7 in Spellcasting
  8531 | D:4      | Reached XP level 8. HP: 44/44 MP: 10/19
  8596 | D:4      | Upgraded the game from 0.31-a0-152-g6aa68a64a1 to
                  | 0.31-a0-154-g56bf346678
  9799 | D:5      | Entered Level 5 of the Dungeon
  9834 | D:5      | Noticed Menkaure
  9844 | D:5      | Killed Menkaure
  9910 | D:5      | Found a sparkling altar of Nemelex Xobeh.
 10014 | D:4      | Upgraded the game from 0.31-a0-154-g56bf346678 to
                  | 0.31-a0-161-gb58dd9be76
 10209 | D:4      | Reached skill level 8 in Spellcasting
 11222 | D:5      | Learned a level 4 spell: Olgreb's Toxic Radiance
 11266 | D:5      | Found a blossoming altar of Fedhas.
 12072 | D:5      | Reached skill level 1 in Armour
 12334 | D:5      | Found a staircase to the Ecumenical Temple.
 12443 | D:5      | Reached XP level 9. HP: 42/50 MP: 13/21
 12640 | D:5      | Found a basalt altar of Yredelemnul.
 14085 | D:6      | Reached ** piety under Dithmenos
 14599 | D:6      | Found Kexelido's Antique Weapon Emporium.
 14606 | D:6      | Bought a warped rapier for 225 gold pieces
 14606 | D:6      | Identified the +4 rapier of Royalism {flame, rElec Will+}
                  | (You bought it in a shop on level 6 of the Dungeon)
 15085 | D:6      | Reached skill level 1 in Throwing
 15346 | D:6      | Reached skill level 9 in Spellcasting
 16385 | D:6      | Found a bloodstained altar of Trog.
 16777 | D:7      | Found a shimmering blue altar of Sif Muna.
 16786 | D:7      | Reached skill level 5 in Air Magic
 17530 | D:6      | Reached skill level 1 in Ranged Weapons
 18676 | D:7      | Reached XP level 10. HP: 56/57 MP: 15/23
 19411 | D:7      | Upgraded the game from 0.31-a0-161-gb58dd9be76 to
                  | 0.31-a0-164-g2312942fda
 19571 | D:7      | Found a shimmering altar of Xom.
 19650 | D:8      | Found a sand-covered staircase.
 19665 | Ossuary  | Entered an ossuary
 21478 | D:8      | Reached *** piety under Dithmenos
 22033 | D:8      | Reached skill level 1 in Conjurations
 22287 | D:8      | Lost mutation: You are dopey. (Int -2) [potion of mutation]
 22287 | D:8      | Lost mutation: Your magical capacity is low. (-10% MP)
                  | [potion of mutation]
 22287 | D:8      | Gained mutation: You are frail. (-10% HP) [potion of
                  | mutation]
 22287 | D:8      | Lost mutation: You are frail. (-10% HP) [potion of
                  | mutation]
 22315 | D:8      | Learned a level 3 spell: Ozocubu's Armour
 23592 | D:8      | Reached skill level 10 in Spellcasting
 24403 | D:9      | Noticed a two-headed ogre
 24414 | D:8      | Killed a two-headed ogre
 24415 | D:8      | Reached skill level 5 in Fighting
 24415 | D:8      | Reached skill level 5 in Ranged Weapons
 24415 | D:8      | Reached skill level 1 in Ice Magic
 24415 | D:8      | Reached skill level 1 in Evocations
 24906 | D:8      | Upgraded the game from 0.31-a0-164-g2312942fda to
                  | 0.31-a0-167-g1c394c0614
 25090 | D:9      | Learned a level 1 spell: Beastly Appendage
 26602 | D:10     | Entered Level 10 of the Dungeon
 26602 | D:10     | Found a radiant altar of Vehumet.
 26819 | D:10     | Noticed Urug
 27184 | D:10     | Slain by a vampire

Illustrated notes

Levels and vault maps discovered:
D:1:      reono_arrival_mine, layout_basic
D:2:      layout_rooms, minmay_increasing_density, uniq_sigmund
D:3:      layout_basic, lemuel_crystal_altar, gammafunk_temple_overflow_wave,
          ebering_ghost_inner_flame, hellmonk_ecumenical_altar_blasted,
          item_on_display_a, uniq_natasha, uniq_grinder
D:4:      layout_basic, minmay_bent
D:5:      layout_rooms, lemuel_zombie_altar_yredelemnul,
          nemelex_dance_club_becter, mainiacjoe_overflow_boulevard,
          minmay_temple_entry_enclosed_plants, lightli_minifort, uniq_menkaure
D:6:      layout_basic, lightli_temple_of_fire, serial_shops,
          nicolae_shop_crystal, dk_noncrumbling_4, nicolae_letterblocks
          [nicolae_letter_subblock, nicolae_letter_subblock,
          nicolae_letter_subblock, nicolae_letter_subblock,
          nicolae_letter_subblock, nicolae_letter_subblock,
          nicolae_letter_subblock, nicolae_letter_subblock,
          nicolae_letter_subblock, nicolae_letter_subblock,
          nicolae_letter_subblock, nicolae_letter_subblock,
          nicolae_letter_subblock, nicolae_letter_subblock,
          nicolae_letter_subblock, nicolae_letter_subblock,
          nicolae_letter_subblock, nicolae_letter_subblock,
          nicolae_letter_subblock, nicolae_letter_subblock,
          nicolae_letter_subblock, nicolae_letter_subblock,
          nicolae_letter_subblock, nicolae_letter_subblock,
          nicolae_letter_subblock]
D:7:      layout_gridville, hangedman_feature_mirror
D:8:      layout_gridville, serial_ice, serial_ice_n, serial_ice_l,
          serial_ice_b, serial_ice_m, serial_ice_h, serial_ice_e, serial_ice_a,
          enter_ossuary_3
D:9:      layout_irregular_city, hangedman_abyss_or_decor_lesser_grid,
          grunt_ministairs_13
D:10:     layout_loops_ring, lemuel_round_altar,
          mainiacjoe_overflow_cross_hatched, uniq_urug

Skill      XL: |  1  2  3  4  5  6  7  8  9 10 |
---------------+-------------------------------+-----
Poison Magic   | 5 6 7 8 |  8.6
Spellcasting   | 5 6 7 8 9 10 | 10.6
Air Magic      | 1 2 3 4 5 |  5.5
Short Blades   | 1 3 4 |  4.3
Fighting       | 1 3 4 5 |  5.2
Transmutations | 2 3 4 |  4.1
Stealth        | 3 4 |  4.2
Dodging        | 3 4 |  4.7
Armour         | 1 2 |  2.5
Throwing       | 1 |  1.3
Ranged Weapons | 1 5 |  5.3
Conjurations   | 1 |  1.2
Ice Magic      | 2 |  2.6
Evocations     | 1 |  1.0
Maces & Flails | |  0.2

Action                     |  1- 3 |  4- 6 |  7- 9 | 10-12 || total
---------------------------+-------+-------+-------+-------++-------
  Melee: Dagger            |    55 |    33 |   193 |       ||   281
         Punch             |     1 |       |     8 |     1 ||    10
         Rapier            |       |       |    97 |   176 ||   273
         Flail             |       |       |     5 |    15 ||    20
   Fire: Sling             |       |       |     1 |       ||     1
         Orcbow            |       |       |    41 |   141 ||   182
  Throw: Boomerang         |       |       |    16 |     2 ||    18
   Cast: Sting             |    27 |    14 |    80 |    20 ||   141
         Poisonous Vapours |    45 |    30 |   188 |    27 ||   290
         Mephitic Cloud    |       |       |    22 |    15 ||    37
         Olgreb's Toxic Ra |       |       |     1 |     5 ||     6
         Ozocubu's Armour  |       |       |       |     3 ||     3
         Beastly Appendage |       |       |       |     1 ||     1
  Evoke: Wand              |       |       |     8 |     9 ||    17
    Use: Scroll            |    10 |     4 |     6 |     5 ||    25
         Potion            |       |     2 |     5 |     7 ||    14
   Stab: Sleeping          |     1 |       |     1 |     1 ||     3
         Confused          |       |       |     5 |     6 ||    11
 Armour: Robe              |    18 |     6 |    18 |       ||    42
         Leather armour    |       |       |    64 |    57 ||   121
  Dodge: Dodged            |    54 |    24 |   213 |   194 ||   485

Table legend: (Time is in decaauts)
 A = Elapsed time spent in this place.
 B = Non-inter-level travel time spent in this place.
 C = Inter-level travel time spent in this place.
 D = Time resting spent in this place.
 E = Time spent auto-exploring this place.
 F = Levels seen in this place.
 G = Mean time per level.
                   A        B        C        D        E       F      G
               +--------+--------+--------+--------+--------+-----+--------+
         Total |  27248 |  26280 |    968 |  14313 |   1210 |  11 | 2477.1 |
       Dungeon |  25754 |  24786 |    968 |  13407 |   1210 |  10 | 2575.4 |
       Ossuary |   1493 |   1493 |      0 |    906 |      0 |   1 | 1493.0 |
               +--------+--------+--------+--------+--------+-----+--------+

Top non-repeatable levels by time:
     D:4: 3762 daAuts
     D:3: 3506 daAuts
     D:8: 3201 daAuts
     D:5: 3112 daAuts
     D:7: 3039 daAuts
     D:6: 2868 daAuts
     D:2: 2372 daAuts
     D:9: 2118 daAuts
     D:1: 1592 daAuts
 Ossuary: 1493 daAuts
    D:10: 181 daAuts
